 Dungeon Crawl Stone Soup version 0.22-a0-299-g43f9854 (webtiles) character file.

164041 Gorice the Fencer (level 17, -2/158 HPs)
             Began as a Minotaur Gladiator on Mar 24, 2018.
             Was the Champion of Zin.
             Slain by an orc knight
             ... wielding a +0 bardiche
              (23 damage)
             ... on level 1 of the Orcish Mines on Mar 25, 2018.
             The game lasted 02:10:08 (34754 turns).

Gorice the Fencer (Minotaur Gladiator)             Turns: 34754, Time: 02:10:09

Health: -2/158     AC: 31    Str: 19    XL:     17   Next: 25%
Magic:  24/24      EV:  5    Int:  9    God:    Zin [******]
Gold:   1761       SH: 10    Dex: 18    Spells: 16/16 levels left

rFire    . . .     SeeInvis +   a - +1 double sword (elec)
rCold    . . .     Gourm    +   o - +2 shield
rNeg     + . .     Faith    .   U - +4 plate armour {MR+}
rPois    .         Spirit   .   c - +1 hat
rElec    .         Reflect  .   D - +2 cloak {MR+}
rCorr    .         Harm     .   k - +2 pair of gloves {Dex+3}
MR       ++++.                  x - +0 pair of boots
Stlth    ..........             z - amulet "Itiajedgh" {Gourm rN+}
HPRegen  0.36/turn              i - ring of see invisible
MPRegen  0.19/turn              m - ring of protection from magic

@: drained
A: retaliatory headbutt, horns 2
a: Recite, Vitalisation, Imprison, Sanctuary, Donate Gold, Renounce Religion


You were on level 1 of the Orcish Mines.
You worshipped Zin.
Zin was exalted by your worship.
You were very full.

You visited 4 branches of the dungeon, and saw 23 of its levels.
You also visited: Labyrinth and Bailey.

You collected 1927 gold pieces.
You donated 166 gold pieces to Zin.

Inventory:

Hand Weapons
 a - a +1 double sword of electrocution (weapon)
   (You acquired it on level 11 of the Dungeon)
 b - a +3 scimitar of flaming
   (You took it off Erica on level 11 of the Dungeon)
 B - a +0 blowgun
Missiles
 h - 5 curare-tipped needles
 G - 28 tomahawks (quivered)
 J - 22 javelins
 R - 7 javelins of penetration
 Z - a throwing net
Armour
 c - a +1 hat (worn)
 k - a +2 pair of gloves of dexterity (worn)
   (You found it on level 14 of the Dungeon)
 o - a +2 shield (worn)
 x - a +0 pair of boots (worn)
 D - a +2 cloak of magic resistance (worn)
   (You acquired it on level 11 of the Dungeon)
 U - a +4 plate armour of magic resistance (worn)
   (You found it on level 4 of the Lair of Beasts)
Jewellery
 f - an uncursed ring of fire
 i - a ring of see invisible (left hand)
 m - a ring of protection from magic (right hand)
 p - an uncursed ring of poison resistance
 z - the amulet "Itiajedgh" (around neck) {Gourm rN+}
   (You took it off a minotaur in a labyrinth)

   [amulet of the gourmand]

   It allows you to eat raw meat even when not hungry.
   It protects you from negative energy.
 F - an uncursed ring of flight
Wands
 e - a wand of digging (22)
 r - a wand of enslavement (8)
 s - a wand of scattershot (2)
 w - a wand of acid (22)
 E - a wand of paralysis (24)
 I - a wand of flame (43)
Scrolls
 g - 2 scrolls of fog
 v - 4 scrolls of teleportation {!r}
 y - 5 scrolls of remove curse
 A - 5 scrolls of blinking
 M - 10 scrolls of identify
 N - a scroll of fear {!r}
Potions
 j - 2 potions of cancellation {!q}
 n - 3 potions of ambrosia
 t - a potion of berserk rage
 C - 5 potions of might {!q}
 K - 4 potions of heal wounds {!q}
 Q - 8 potions of curing
 S - a potion of invisibility {!q}
 T - a potion of agility {!q}
Comestibles
 d - 48 rations


   Skills:
 - Level 16.0(15.4) Fighting
 * Level 19.0(18.4) Long Blades
 - Level 8.3(7.9) Throwing
 - Level 16.0(15.4) Armour
 - Level 3.2(2.8) Dodging
 + Level 11.4(10.9) Invocations


You had 16 spell levels left.
You didn't know any spells.

Dungeon Overview and Level Annotations

Branches:
Dungeon (14/15)            Temple (1/1) D:5            Lair (6/6) D:8
 Shoals (0/4) Lair:4       Spider (0/4) Lair:2        Slime (0/5) Lair:6
    Orc (2/2) D:12            Elf (0/3) Orc:2        Vaults (0/5) D:13

Altars:
Ashenzari
Cheibriados
Dithmenos
Elyvilon
Fedhas
Gozag
Hepliaklqana
Kikubaaqudgha
Makhleb
Nemelex Xobeh
Okawaru
Qazlal
Ru
Sif Muna
Trog
Uskayaw
Vehumet
Wu Jian
Xom
Yredelemnul
Zin
The Shining One
Jiyva

Shops:
D:8 [   Orc:1 [[

Annotations:
D:4 Karim's ghost, amateur HOMo
D:13 pUX: digging vault, 1 transporter
Lair:4 exclusion: 2 oklob plants


Innate Abilities, Weirdness & Mutations

You reflexively headbutt those who attack you in melee.
You have a pair of horns on your head.


Message History

Something hits your orc warrior.
You start resting.
Your orc warrior hits something with a dire flail of crushing.
You start resting.
Something hits your orc warrior!!
Your orc warrior dies!
You start resting.
You barely miss the orc knight.
The orc knight is heavily wounded.
The orc knight hits you but does no damage.
You barely miss the orc knight. Your headbutt misses the orc knight.
The orc knight is heavily wounded.
You hit the orc knight but do no damage.
The orc knight is heavily wounded.
The orc knight hits you but does no damage.
You clear your throat and prepare to recite. "The squalid dregs stood before Zin, and in that instant..."
The orc knight hits you with an uncursed bardiche!
* * * LOW HITPOINT WARNING * * *
Damage: 12 (max 12) Unknown command.
You slash the orc knight! You headbutt the orc knight.
The orc knight is severely wounded.
You hit the orc knight.
The orc knight is almost dead. "...they knew they would be found guilty of impurity..."
You block the orc knight's attack.
Your shield and plate armour prevent you from hitting the orc knight.
Your headbutt misses the orc knight.
The orc knight is almost dead. "...for that is the word of Zin, and Zin's word is law."
The orc knight is limned with silver light.
You finish reciting Abominations 27:36.
You hit the orc knight.
The orc knight is almost dead.
The orc knight hits you with an uncursed bardiche!
* * * LOW HITPOINT WARNING * * *
Damage: 7 (max 12) Unknown command.
You hit the orc knight but do no damage.
The orc knight is almost dead.
Your shield and plate armour prevent you from hitting the orc knight.
The orc knight is almost dead.
You block the orc knight's attack.
You slash the orc knight!
You headbutt the orc knight, but do no damage.
The orc knight is almost dead.
Your plate armour prevents you from hitting the orc knight.
The orc knight is almost dead.
The orc knight hits you with an uncursed bardiche!!
You die...

##.## #.## ##...## ##..#
#.....# ##...### ......##
###......##
.......####.........##
)......#.###.........##
†)........#....)......##
).......[).....#.o..[[.##
..#≈.≈...[.....#@#[)>[..##
..≈≈.≈≈..[....#####).)...#
.#≈≈∩≈≈.......##..(.....##
..≈≈≈≈≈................##
...≈≈≈..##.....o......##
.........#...........##
#.......###..#....####
#......## #####...#
#....### #....#


You could see an orc knight.

Vanquished Creatures
  A tengu reaver (D:12)
  An orc warlord (Bailey)
  A stone giant (Orc:2)
  Nessos (Lair:5)
  A minotaur (Lab)
  A yaktaur captain (D:12)
  Josephine (Lair:6)
  A fire dragon (Lair:6)
  Erolcha (D:12)
  A rakshasa (D:12)
  8 hydras
  8 vault guards (D:13)
  A catoblepas (D:14)
  4 centaur warriors
  Erica (D:11)
  3 two-headed ogres
  A queen ant (D:7)
  A tengu warrior (D:13)
  Urug (D:11)
  A deep troll earth mage (D:13)
  Nergalle (Orc:1)
  A fire crab (shapeshifter) (D:12)
  4 skeletal warriors (D:14)
  2 unseen horrors
  A swamp dragon (Lair:6)
  Pikel (D:4)
  2 orc knights (Bailey)
  A wolf spider (Lair:2)
  An orc sorcerer (Orc:2)
  2 oklob plants
  10 ugly things
  A wolf spider zombie (D:12)
  3 deep elf magi
  A moth of wrath (shapeshifter) (D:12)
  A cyclops (D:13)
  12 elephants
  3 manticores
  Maurice (D:9)
  4 black mambas
  2 torpor snails (Lair:3)
  An ice statue (Lair:4)
  10 spiny frogs
  An efreet (D:14)
  13 komodo dragons
  4 rime drakes
  5 trolls
  A polar bear (Lair:6)
  Grinder (D:4)
  3 hornets (Lair:3)
  A meliai zombie (D:12)
  A blink frog (shapeshifter) (D:13)
  28 blink frogs
  A slime creature (D:13)
  7 hippogriffs
  A snapping turtle (Lair:4)
  Sigmund (D:3)
  A tarantella (shapeshifter) (D:13)
  12 spriggans (Lair:3)
  A redback (Lair:2)
  40 yaks
  4 wraiths
  A vampire (D:12)
  3 wyverns
  4 basilisks
  A steam dragon (Lair:6)
  2 hungry ghosts
  A warg (Orc:1)
  5 acid dragons
  A soldier ant (shapeshifter) (D:13)
  A two-headed ogre zombie (D:12)
  20 soldier ants
  7 porcupines
  9 water moccasins
  2 black bears
  27 orc warriors
  3 eyes of draining
  5 ice beasts
  3 phantoms
  5 sky beasts
  3 boggarts (Lair:3)
  13 ogres
  4 centaurs
  4 wolves
  9 crocodiles
  5 big kobolds
  15 bullfrogs
  A wyvern zombie (D:11)
  5 scorpions
  13 killer bees
  5 troll zombies (D:12)
  2 howler monkeys
  4 wights
  7 electric eels
  12 crimson imps
  2 bullfrog zombies
  6 centaur zombies
  5 hounds
  11 jellies
  13 orc priests
  4 bullfrog skeletons
  2 gnoll shamans
  4 centaur skeletons
  16 orc wizards
  4 iguanas
  31 worker ants
  A killer bee zombie (D:6)
  2 ogre zombies (D:12)
  A hound skeleton (D:10)
  A worker ant zombie (D:6)
  32 gnolls
  15 adders
  3 shadow imps
  5 oozes (D:8)
  An adder zombie (D:5)
  5 worms
  3 dart slugs
  5 leopard geckos
  56 orcs
  9 bats
  4 giant cockroaches
  2 gnoll zombies (D:8)
  30 goblins
  22 hobgoblins
  5 jackals
  6 quokkas
  4 ball pythons
  2 frilled lizards (D:1)
  A giant cockroach zombie (D:5)
  A goblin zombie (D:12)
  2 hobgoblin skeletons (D:12)
  3 hobgoblin zombies (D:12)
  32 kobolds
  A leopard gecko skeleton (D:6)
  A leopard gecko zombie (D:7)
  3 orc skeletons (D:12)
  16 orc zombies (D:12)
  A quokka zombie (D:5)
  8 rats
813 creatures vanquished.

Vanquished Creatures (others)
  A basilisk (Lair:6)
  An orc warrior (Orc:1)
  A slave (D:4)
  A worker ant (D:4)
  A worm (D:4)
  A giant cockroach (D:4)
  A ball python (D:4)
  6 fungi
  A pillar of salt (D:13)
  5 plants
19 creatures vanquished.

Grand Total: 832 creatures vanquished

Notes
Turn   | Place    | Note
-------+----------+-------------------------------------------
     0 | D:1      | Gorice the Minotaur Gladiator began the quest for the Orb.
     0 | D:1      | Reached XP level 1. HP: 18/18 MP: 0/0
    95 | D:1      | Reached skill level 4 in Long Blades
   180 | D:1      | Reached XP level 2. HP: 25/25 MP: 1/1
   734 | D:1      | Reached skill level 5 in Long Blades
   771 | D:1      | Reached XP level 3. HP: 30/30 MP: 2/2
  1108 | D:2      | Found an iron altar of Okawaru.
  1133 | D:2      | Found a glowing golden altar of the Shining One.
  1146 | D:2      | Found a sparkling altar of Nemelex Xobeh.
  1166 | D:2      | Found a shattered altar of Ashenzari.
  1425 | D:2      | Reached skill level 6 in Long Blades
  1425 | D:2      | Reached XP level 4. HP: 36/37 MP: 3/3
  1916 | D:2      | HP: 11/37 [poisoned by an orc priest]
  1921 | D:2      | HP: 9/37 [poisoned by an orc priest]
  1926 | D:2      | HP: 7/37 [poisoned by an orc priest]
  1933 | D:2      | HP: 6/37 [poisoned by an orc priest]
  1941 | D:2      | HP: 5/37 [poisoned by an orc priest]
  2317 | D:2      | Reached skill level 7 in Long Blades
  2317 | D:2      | Reached XP level 5. HP: 31/42 MP: 4/4
  2506 | D:3      | Found a faded altar of an unknown god.
  2631 | D:3      | Reached skill level 8 in Long Blades
  3017 | D:3      | Found a sacrificial altar of Ru.
  3055 | D:3      | Noticed Sigmund
  3073 | D:3      | Killed Sigmund
  3073 | D:3      | Reached skill level 9 in Long Blades
  3073 | D:3      | Reached XP level 6. HP: 34/50 MP: 5/5
  3212 | D:4      | Noticed Grinder
  3229 | D:4      | Killed Grinder
  3229 | D:4      | Reached skill level 10 in Long Blades
  3229 | D:4      | Reached XP level 7. HP: 23/56 MP: 6/6
  3246 | D:4      | Noticed Karim's ghost (amateur HOMo)
  3474 | D:4      | Noticed Pikel
  3501 | D:4      | Killed Pikel
  3501 | D:4      | Reached skill level 4 in Fighting
  3501 | D:4      | Reached skill level 11 in Long Blades
  3501 | D:4      | Reached XP level 8. HP: 37/67 MP: 7/7
  4219 | D:5      | Entered Level 5 of the Dungeon
  4371 | D:5      | Reached skill level 5 in Fighting
  4770 | D:5      | Found a staircase to the Ecumenical Temple.
  4788 | Temple   | Entered the Ecumenical Temple
  4890 | Temple   | Became a worshipper of Zin the Law-Giver
  4890 | Temple   | Reached * piety under Zin
  5269 | D:6      | Reached skill level 6 in Fighting
  5285 | D:6      | Reached skill level 12 in Long Blades
  5350 | D:6      | HP: 19/71 [orc warrior/short sword (8)]
  5368 | D:5      | HP: 13/71 [orc warrior/short sword (1)]
  5372 | D:5      | HP: 2/71 [orc warrior/short sword (12)]
  5373 | D:5      | Reached skill level 7 in Fighting
  5804 | D:6      | Reached XP level 9. HP: 79/79 MP: 8/8
  5853 | D:6      | Found a white marble altar of Elyvilon.
  6124 | D:6      | Reached skill level 8 in Fighting
  6175 | D:6      | Reached skill level 13 in Long Blades
  6178 | D:6      | Got a bone dagger {pierce}
  6179 | D:6      | Identified the +5 dagger "Haesyg" {pierce, rF+} (You took it off an orc warrior on level 6 of the Dungeon)
  6187 | D:6      | Reached ** piety under Zin
  6468 | D:6      | Found a radiant altar of Vehumet.
  6619 | D:7      | Reached skill level 9 in Fighting
  6854 | D:7      | Reached *** piety under Zin
  7408 | D:8      | Found a staircase to the Lair.
  7456 | D:8      | Reached skill level 10 in Fighting
  7524 | D:8      | Reached XP level 10. HP: 70/93 MP: 9/9
  7557 | D:8      | Reached skill level 14 in Long Blades
  7572 | D:8      | Found a blossoming altar of Fedhas.
  7651 | D:8      | Noticed a queen ant
  7930 | D:7      | HP: 20/94 [poisoned by a queen ant]
  7939 | D:7      | HP: 21/94 [queen ant (11)]
  7947 | D:7      | HP: 14/94 [queen ant (8)]
  7948 | D:7      | Killed a queen ant
  7948 | D:7      | Reached skill level 11 in Fighting
  8270 | D:7      | Reached skill level 1 in Armour
  8422 | D:7      | Reached skill level 2 in Armour
  8489 | D:8      | Reached skill level 3 in Armour
  8758 | D:7      | Reached skill level 4 in Armour
  8784 | D:7      | HP: 28/97 [soldier ant (9)]
  8790 | D:7      | HP: 25/97 [poisoned by a soldier ant]
  8796 | D:7      | HP: 23/97 [poisoned by a soldier ant]
  8801 | D:7      | HP: 22/97 [poisoned by a soldier ant]
  8808 | D:7      | HP: 22/97 [poisoned by a soldier ant]
  8816 | D:7      | HP: 22/97 [poisoned by a soldier ant]
  9118 | D:7      | Reached skill level 12 in Fighting
  9141 | D:7      | HP: 29/97 [poisoned by a soldier ant]
  9146 | D:7      | HP: 27/97 [poisoned by a soldier ant]
  9152 | D:7      | HP: 26/97 [poisoned by a soldier ant]
  9160 | D:7      | HP: 26/97 [poisoned by a soldier ant]
  9168 | D:7      | HP: 26/97 [poisoned by a soldier ant]
  9480 | D:7      | Reached skill level 5 in Armour
 10003 | D:8      | Reached skill level 6 in Armour
 10290 | D:8      | Reached **** piety under Zin
 10386 | D:8      | Reached skill level 7 in Armour
 10563 | D:8      | Found Hootiquf's Antique Armour Shoppe.
 10735 | D:8      | Found a basalt altar of Yredelemnul.
 10782 | D:8      | Reached XP level 11. HP: 105/105 MP: 10/10
 11259 | Lair:1   | Entered Level 1 of the Lair of Beasts
 11306 | Lair:1   | HP: 28/105 [blink frog (13)]
 11310 | Lair:1   | HP: 9/105 [blink frog (7)]
 11315 | Lair:1   | Reached skill level 8 in Armour
 12602 | Lair:1   | Reached skill level 9 in Armour
 12892 | Lair:1   | Reached skill level 13 in Fighting
 13634 | Lair:2   | Reached skill level 10 in Armour
 14189 | Lair:2   | Noticed a wolf spider
 14212 | Lair:2   | Killed a wolf spider
 14215 | Lair:2   | Found a hole to the Spider Nest.
 14346 | Lair:3   | Noticed a six-headed hydra
 14359 | Lair:3   | Killed a six-headed hydra
 14401 | Lair:3   | Reached skill level 11 in Armour
 14413 | Lair:3   | Noticed a spriggan rider
 14455 | Lair:3   | HP: 23/107 [spriggan rider/spear (16)]
 14890 | Lair:3   | Noticed a five-headed hydra
 14910 | Lair:3   | Killed a five-headed hydra
 14910 | Lair:3   | Reached XP level 12. HP: 55/116 MP: 11/11
 15165 | Lair:3   | Reached skill level 12 in Armour
 15188 | Lair:3   | Reached skill level 14 in Fighting
 16109 | Lair:3   | HP: 31/117 [komodo dragon (16)]
 16114 | Lair:3   | HP: 16/117 [poisoned by a spiny frog]
 16120 | Lair:3   | HP: 14/117 [poisoned by a spiny frog]
 16126 | Lair:3   | HP: 14/117 [poisoned by a spiny frog]
 16134 | Lair:3   | HP: 14/117 [poisoned by a spiny frog]
 16545 | Lair:3   | Found a snail-covered altar of Cheibriados.
 16704 | Lair:3   | Reached skill level 13 in Armour
 17837 | Lair:4   | Reached skill level 14 in Armour
 17920 | Lair:4   | Found a labyrinth entrance.
 17936 | Lab      | Entered a labyrinth
 18092 | Lab      | Noticed a minotaur
 18113 | Lab      | HP: 30/118 [minotaur (7)]
 18115 | Lab      | HP: 10/118 [minotaur (20)]
 18116 | Lab      | Killed a minotaur
 18116 | Lab      | Reached skill level 15 in Fighting
 18118 | Lab      | Got a shimmering brass amulet
 18143 | Lab      | Identified the Tome of Dusty Enhancements
 18171 | Lab      | Identified the amulet "Itiajedgh" {Gourm rN+} (You took it off a minotaur in a labyrinth)
 18814 | Lair:4   | Reached skill level 3 in Throwing
 18878 | Lair:4   | Reached ***** piety under Zin
 19173 | Lair:4   | Reached XP level 13. HP: 117/127 MP: 12/12
 19186 | Lair:4   | Found a staircase to the Shoals.
 19212 | Lair:4   | HP: 34/127 [snapping turtle (19)]
 20005 | Lair:4   | Got a sparkling iron ring
 20007 | Lair:4   | Got a shimmering scale mail
 20011 | Lair:4   | Identified the ring "Kypet" {Int+4 Stlth-} (You found it on level 4 of the Lair of Beasts)
 20519 | Lair:3   | Reached skill level 15 in Armour
 20630 | Lair:1   | Identified the +6 scale mail of the First Ghosts {rPois rF- rCorr Int+6} (You found it on level 4 of the Lair of Beasts)
 21476 | Lair:5   | Reached skill level 4 in Throwing
 21894 | Lair:5   | Noticed Nessos
 21904 | Lair:5   | Killed Nessos
 22425 | Lair:6   | Entered Level 6 of the Lair of Beasts
 22750 | Lair:5   | Reached skill level 5 in Throwing
 23367 | Lair:6   | Reached skill level 16 in Fighting
 23381 | Lair:6   | Noticed Josephine
 23506 | Lair:6   | Killed Josephine
 23506 | Lair:6   | Reached skill level 16 in Armour
 23506 | Lair:6   | Reached skill level 1 in Invocations
 23523 | Lair:5   | Reached skill level 6 in Throwing
 23655 | Lair:5   | Reached skill level 2 in Invocations
 24198 | Lair:5   | Reached skill level 3 in Invocations
 24579 | Lair:6   | Reached skill level 7 in Throwing
 24654 | Lair:6   | Found a viscous altar of Jiyva.
 24655 | Lair:6   | Found a staircase to the Slime Pits.
 25034 | Lair:6   | Reached skill level 4 in Invocations
 25316 | Lair:6   | Noticed a fire dragon
 25331 | Lair:6   | Killed a fire dragon
 25336 | Lair:6   | Reached XP level 14. HP: 115/137 MP: 16/16
 26106 | D:9      | Noticed Maurice
 26116 | D:9      | Killed Maurice
 26116 | D:9      | Reached skill level 5 in Invocations
 26371 | D:9      | Reached skill level 8 in Throwing
 26939 | D:10     | Entered Level 10 of the Dungeon
 27663 | D:11     | Noticed Urug
 27677 | D:11     | Killed Urug
 27677 | D:11     | Reached skill level 6 in Invocations
 27730 | D:11     | Reached skill level 15 in Long Blades
 27730 | D:11     | Reached XP level 15. HP: 144/144 MP: 18/18
 27843 | D:11     | Found a flagged portal.
 27847 | D:11     | Noticed Erica
 27855 | D:11     | Killed Erica
 27888 | Bailey   | Entered a bailey
 28231 | Bailey   | Upgraded the game from 0.22-a0-293-gc9362ec to 0.22-a0-299-g43f9854
 28504 | Bailey   | Noticed an orc warlord
 28519 | Bailey   | Reached ****** piety under Zin
 28615 | Bailey   | Killed an orc warlord
 28615 | Bailey   | Reached skill level 16 in Long Blades
 29101 | D:11     | Reached skill level 9 in Invocations
 29101 | D:11     | Reached XP level 16. HP: 151/151 MP: 19/21
 29559 | D:11     | Identified 2 scrolls of acquirement
 29788 | D:12     | Found a large runed door.
 29789 | D:12     | Found a large runed door.
 30089 | D:12     | Found a staircase to the Orcish Mines.
 30289 | D:12     | You fall through a shaft!
 30702 | D:12     | Noticed Erolcha
 30711 | D:12     | Reached skill level 17 in Long Blades
 30725 | D:12     | Killed Erolcha
 30725 | D:12     | Reached skill level 10 in Invocations
 31177 | D:12     | Found an iron altar of Okawaru.
 31310 | D:12     | Found a bloodstained altar of Trog.
 31543 | D:13     | Found a gate to the Vaults.
 31620 | D:13     | HP: 45/151 [vault guard/long sword (7)]
 31626 | D:13     | HP: 36/151 [vault guard/long sword (10)]
 31641 | D:13     | HP: 37/151 [troll (4)]
 31997 | D:13     | Found a transporter.
 32224 | D:13     | Found a transporter.
 32244 | D:13     | Reached skill level 18 in Long Blades
 32437 | D:13     | Noticed a tengu reaver
 32441 | D:13     | Noticed a tengu reaver
 32501 | D:13     | HP: 27/151 [tengu reaver/bolt of magma (23)]
 32919 | D:14     | Reached XP level 17. HP: 158/158 MP: 24/24
 32946 | D:14     | Reached skill level 11 in Invocations
 33879 | Orc:1    | Entered Level 1 of the Orcish Mines
 33880 | Orc:1    | Found Efroh Jirra's Armour Shoppe.
 34016 | Orc:1    | Found Zilaups's Armour Boutique.
 34054 | Orc:1    | Noticed Nergalle
 34067 | Orc:1    | Killed Nergalle
 34184 | Orc:2    | Entered Level 2 of the Orcish Mines
 34184 | Orc:2    | Found a staircase to the Elven Halls.
 34339 | Orc:2    | Reached skill level 19 in Long Blades
 34702 | Orc:2    | HP: 46/158 [orc knight/uncursed bardiche (5)]
 34715 | Orc:1    | HP: 33/158 [orc knight/uncursed bardiche (6)]
 34746 | Orc:1    | HP: 26/158 [orc knight/uncursed bardiche (12)]
 34754 | Orc:1    | Slain by an orc knight

Vault maps used:
D:1:      saegor_arrival_miasma
D:2:      okawaru_trees_2, grunt_temple_overflow_open, hangedman_decor_riveting,
          minmay_quantized
D:3:      chequers_ecumenical_altar_simple_redux, first_ration,
          minmay_misc_feat_pillars, nicolae_ru_the_path_less_chosen,
          uniq_sigmund
D:4:      uniq_grinder, uniq_pikel
D:5:      temple_hall
D:6:      kennysheep_windowed_halls, nicolae_overflow_hidden_temple,
          general_overflow_altar, minivault_14, hangedman_abyss_or_decor_slice,
          hangedman_decor_opposing
D:8:      lemuel_zombie_altar_yredelemnul, fedhas_altar_2, lair_entry_dummy,
          serial_shops, kennysheep_little_box, hangedman_little_slice_of_home,
          minivault_29
D:9:      uniq_maurice
D:10:     serial_bayou_pond_e, hex_large
D:11:     enter_bailey_2, uniq_erica, uniq_urug
D:12:     zombieorc2_lemuel, jmf_multi_god_temple2, uniq_erolcha
D:13:     gammafunk_dig_for_victory, erik_vaults_2, hangedman_decor_peaks_small,
          hex_tiny, st_stairs_8, grunt_ministairs_15
D:14:     minivault_4
Temple:   dshaligram_water_room_temple
Lair:1:   lemuel_fruit_tree, serial_bayou_shore_b, serial_bayou_shore_b
Lair:2:   spider_nest_entry_funnel_web, lemuel_fruit_fields,
          serial_bayou_shore_b
Lair:3:   kb_forest_paths, minmay_lair_oklob_items, kennysheep_snail_temple
Lair:4:   statuecave_lemuel, minmay_shoals_entry_hut, lab_entry_generic,
          lemuel_fruit_fields, minmay_lair_oklob_chamber
Lair:5:   uniq_nessos
Lair:6:   guppyfry_lair_end_dragon, slime_altar_1, serial_bayou_pond_e,
          dpeg_oklob_1, infiniplex_staircase_pool, grunt_megastairs_2,
          serial_bayou_shore_a, serial_bayou_shore_b, uniq_josephine
Orc:1:    serial_shops, shop_fountains, nicolae_shop_waterfront, shop_fountains,
          uniq_nergalle
Orc:2:    st_orc_mages, special_room, nicolae_orc_crystal_geode
Lab:      labyrinth_watery, nicolae_lab_flowing_pool,
          labyrinth_skeletal_remains, nicolae_lab_checkerboard,
          nicolae_lab_diamond, nicolae_lab_t_cross, nicolae_lab_arrow,
          nicolae_lab_blocks
Bailey:   bailey_axe_minmay_hex_keep, bailey

Skill      XL: |  1  2  3  4  5  6  7  8  9 10 11 12 13 14 15 16 17 |
---------------+----------------------------------------------------+-----
Long Blades    | 4 5 6 7 9 10 11 12 13 14 15 16 18 19 | 19.0
Fighting       | 4 7 10 12 13 15 16 | 16.0
Armour         | 7 11 14 16 | 16.0
Throwing       | 3 7 8 |  8.3
Invocations    | 4 6 9 10 11 | 11.4
Dodging        | |  3.2

Action                   |  1- 3 |  4- 6 |  7- 9 | 10-12 | 13-15 | 16-18 || total
-------------------------+-------+-------+-------+-------+-------+-------++-------
Melee: Long sword        |    61 |   115 |   354 |  1021 |   791 |       ||  2342
       Headbutt          |    14 |    27 |    77 |   271 |   293 |   180 ||   862
       Dagger            |       |       |       |    15 |    15 |       ||    30
       Great sword       |       |       |       |       |   211 |    13 ||   224
       Scimitar          |       |       |       |       |     4 |    13 ||    17
       Double sword      |       |       |       |       |       |   708 ||   708
 Fire: Hunting sling     |       |    15 |    67 |    34 |       |       ||   116
Throw: Stone             |     9 |     2 |     1 |       |       |       ||    12
       Throwing net      |       |       |       |     3 |       |       ||     3
       Tomahawk          |       |       |       |    46 |       |       ||    46
       Javelin           |       |       |       |    26 |    26 |    21 ||    73
Invok: Recite            |       |       |       |     1 |       |     3 ||     4
 Abil: Evoke Flight      |       |       |       |       |     2 |       ||     2
Evoke: Wand              |       |       |       |     4 |    27 |     3 ||    34
  Use: Scroll            |     4 |     6 |     6 |    11 |     7 |     5 ||    39
       Potion            |       |     1 |       |     5 |     4 |     1 ||    11
 Stab: Held in net/web   |       |       |       |     5 |       |       ||     5
       Paralysed         |       |       |       |       |     8 |       ||     8
       Invisible         |       |       |       |       |     6 |       ||     6
       Distracted        |       |       |       |       |     3 |       ||     3
  Eat: Chunk             |     2 |    23 |    13 |    46 |    29 |    30 ||   143
Armor: Ring mail         |     6 |       |       |       |       |       ||     6
       Leather armour    |     1 |       |       |       |       |       ||     1
       Scale mail        |    12 |       |       |       |       |       ||    12
       Chain mail        |     5 |    50 |    63 |       |       |       ||   118
       Plate armour      |       |       |   122 |   502 |   553 |   457 ||  1634
Dodge: Dodged            |    37 |    40 |   100 |   261 |   175 |   113 ||   726
       Deflected         |       |       |       |     7 |     6 |       ||    13
Block: Shield            |       |       |       |    32 |   343 |   293 ||   668
       Rpst.: Long sword |    10 |     8 |    31 |    67 |    40 |       ||   156
       Great sword       |       |       |       |       |    11 |       ||    11
       Scimitar          |       |       |       |       |     1 |       ||     1
       Double sword      |       |       |       |       |       |    22 ||    22

Table legend:
 A = Spawn XP
 B = Non-spawn XP
 C = Spawn XP percentage of total XP
 D = Spawn monster count
 E = Non-spawn monster count
 F = Spawn count percentage of total count
 G = Total turns spent on level
                    A         B        C        D         E        F      G
               +---------+---------+-------+---------+---------+-------+---------
         Total |       0 |  138161 |   0.0 |       0 |     814 |   0.0 | 34754
               +---------+---------+-------+---------+---------+-------+---------
           D:1 |       0 |      45 |   0.0 |       0 |      28 |   0.0 |  1031
           D:2 |       0 |     234 |   0.0 |       0 |      31 |   0.0 |  1452
           D:3 |       0 |     388 |   0.0 |       0 |      24 |   0.0 |   864
           D:4 |       0 |     969 |   0.0 |       0 |       9 |   0.0 |   872
           D:5 |       0 |     606 |   0.0 |       0 |      15 |   0.0 |  1225
           D:6 |       0 |    1845 |   0.0 |       0 |      38 |   0.0 |  1003
           D:7 |       0 |    3825 |   0.0 |       0 |      42 |   0.0 |  3050
           D:8 |       0 |    3756 |   0.0 |       0 |      69 |   0.0 |  1696
           D:9 |       0 |    4431 |   0.0 |       0 |      37 |   0.0 |   995
          D:10 |       0 |    1532 |   0.0 |       0 |      13 |   0.0 |   850
          D:11 |       0 |    4983 |   0.0 |       0 |      31 |   0.0 |   893
          D:12 |       0 |   13793 |   0.0 |       0 |      67 |   0.0 |  1352
          D:13 |       0 |   22000 |   0.0 |       0 |      56 |   0.0 |  1762
          D:14 |       0 |   15431 |   0.0 |       0 |      51 |   0.0 |   812
        Lair:1 |       0 |    3000 |   0.0 |       0 |      15 |   0.0 |  2299
        Lair:2 |       0 |    3528 |   0.0 |       0 |      13 |   0.0 |  1508
        Lair:3 |       0 |   12845 |   0.0 |       0 |      42 |   0.0 |  3107
        Lair:4 |       0 |    7319 |   0.0 |       0 |      30 |   0.0 |  2451
        Lair:5 |       0 |   15500 |   0.0 |       0 |      52 |   0.0 |  3158
        Lair:6 |       0 |   11012 |   0.0 |       0 |      35 |   0.0 |  1703
         Orc:1 |       0 |    2975 |   0.0 |       0 |      34 |   0.0 |   665
         Orc:2 |       0 |    2333 |   0.0 |       0 |      12 |   0.0 |   210
           Lab |       0 |    1215 |   0.0 |       0 |       1 |   0.0 |   559
        Bailey |       0 |    4596 |   0.0 |       0 |      69 |   0.0 |  1121
               +---------+---------+-------+---------+---------+-------+---------

Table legend:
 A = Turns spent in this place as a percentage of turns spent in the entire game.
 B = Non-inter-level travel turns spent in this place as a percentage of non-inter-level travel turns spent in the entire game.
 C = Inter-level travel turns spent in this place as a percentage of turns spent in this place.
 D = Turns resting spent in this place as a percentage of non-inter-level travel turns spent in this place.
 E = Turns spent auto-exploring this place as a percentage of non-inter-level travel turns spent in this place.
 F = Non-inter-level travel turns spent in this place divided by the number of levels of this place that you've seen.
                   A       B       C       D       E      F
               +-------+-------+-------+-------+-------+----------------------
         Total | 100.0 | 100.0 |   4.7 |  37.1 |  33.7 | 1325.5
       Dungeon |  51.4 |  51.2 |   5.0 |  27.4 |  42.4 | 1211.6
        Temple |   0.3 |   0.2 |  37.9 |   0.0 |  95.8 |  72.0
          Lair |  40.9 |  40.9 |   4.7 |  46.0 |  27.2 | 2259.3
  Orcish Mines |   2.5 |   2.6 |   0.9 |  36.6 |  17.9 | 433.5
     Labyrinth |   1.6 |   1.7 |   0.0 |  75.3 |   0.0 | 559.0
        Bailey |   3.2 |   3.4 |   0.0 |  58.0 |   4.5 | 1121.0
               +-------+-------+-------+-------+-------+----------------------

Vault maps used:
D:1:      saegor_arrival_miasma
D:2:      okawaru_trees_2, grunt_temple_overflow_open, hangedman_decor_riveting,
          minmay_quantized
D:3:      chequers_ecumenical_altar_simple_redux, first_ration,
          minmay_misc_feat_pillars, nicolae_ru_the_path_less_chosen,
          uniq_sigmund
D:4:      uniq_grinder, uniq_pikel
D:5:      temple_hall
D:6:      kennysheep_windowed_halls, nicolae_overflow_hidden_temple,
          general_overflow_altar, minivault_14, hangedman_abyss_or_decor_slice,
          hangedman_decor_opposing
D:8:      lemuel_zombie_altar_yredelemnul, fedhas_altar_2, lair_entry_dummy,
          serial_shops, kennysheep_little_box, hangedman_little_slice_of_home,
          minivault_29
D:9:      uniq_maurice
D:10:     serial_bayou_pond_e, hex_large
D:11:     enter_bailey_2, uniq_erica, uniq_urug
D:12:     zombieorc2_lemuel, jmf_multi_god_temple2, uniq_erolcha
D:13:     gammafunk_dig_for_victory, erik_vaults_2, hangedman_decor_peaks_small,
          hex_tiny, st_stairs_8, grunt_ministairs_15
D:14:     minivault_4
Temple:   dshaligram_water_room_temple
Lair:1:   lemuel_fruit_tree, serial_bayou_shore_b, serial_bayou_shore_b
Lair:2:   spider_nest_entry_funnel_web, lemuel_fruit_fields,
          serial_bayou_shore_b
Lair:3:   kb_forest_paths, minmay_lair_oklob_items, kennysheep_snail_temple
Lair:4:   statuecave_lemuel, minmay_shoals_entry_hut, lab_entry_generic,
          lemuel_fruit_fields, minmay_lair_oklob_chamber
Lair:5:   uniq_nessos
Lair:6:   guppyfry_lair_end_dragon, slime_altar_1, serial_bayou_pond_e,
          dpeg_oklob_1, infiniplex_staircase_pool, grunt_megastairs_2,
          serial_bayou_shore_a, serial_bayou_shore_b, uniq_josephine
Orc:1:    serial_shops, shop_fountains, nicolae_shop_waterfront, shop_fountains,
          uniq_nergalle
Orc:2:    st_orc_mages, special_room, nicolae_orc_crystal_geode
Lab:      labyrinth_watery, nicolae_lab_flowing_pool,
          labyrinth_skeletal_remains, nicolae_lab_checkerboard,
          nicolae_lab_diamond, nicolae_lab_t_cross, nicolae_lab_arrow,
          nicolae_lab_blocks
Bailey:   bailey_axe_minmay_hex_keep, bailey
